Map: [ESL] Royal Blood

Players

Kelazhur

  • Race: Terran Terran
  • Spawn Location: 1:00

Elazer - Winner!

  • Race: Zerg Zerg
  • Spawn Location: 7:00

Event: ESL SC2 Masters 2023 Summer (Finals)

VOD

Have the link to the VOD?

Description

Time

  • Played on: June 17, 2023, 7:24 a.m.
  • Length: 18:50

All games in this series

Show
View Real Time Build Order
Export as new Build Order

Kelazhur Terran 

Build Orders:  

Get SALT Encoding   

  12  0:00  SCV  
  13  0:12  SCV  
  14  0:17  Supply Depot  
  14  0:24  SCV  
  15  0:39  SCV  
  15  0:40  Barracks  
  16  0:43  Refinery  
  16  0:51  SCV  
  17  0:59  Barracks  
  17  1:03  SCV  
  18  1:15  SCV  
  19  1:27  Orbital Command, Reaper  
  20  1:33  Supply Depot  
  20  1:45  Reaper  
  21  1:53  SCV  
  22  2:03  Reaper  
  22  2:05  SCV  
  24  2:10  Command Center  
  24  2:17  SCV  
  24  2:19  Marine  
  26  2:29  SCV  
  27  2:37  Barracks Reactor  
  27  2:41  Barracks, SCV  
  27  2:42  Barracks  
  28  2:46  Barracks Tech Lab  
  28  2:53  SCV  
  28  2:57  Supply Depot  
  29  3:05  SCV  
  29  3:12  Marine  
  30  3:13  Stimpack  
  30  3:14  Marine  
  30  3:18  Marine  
  30  3:19  SCV  
  33  3:23  Orbital Command  
  33  3:30  Marine  
  33  3:31  SCV, Marine  
  33  3:32  Marine  
  33  3:33  Barracks Tech Lab  
  37  3:37  Marine  
  38  3:43  SCV  
  38  3:48  Marine, Supply Depot  
  39  3:49  Marine x2  
  39  3:50  SCV  
  39  3:53  Combat Shield  
  39  3:54  Marine  
  44  3:56  SCV  
  44  3:59  Marine  
  44  4:02  SCV  
  47  4:06  Marine  
  47  4:08  SCV  
  49  4:10  Engineering Bay  
  49  4:11  Marine x2  
  49  4:12  Marine  
  49  4:14  SCV  
  53  4:17  Marine  
  53  4:20  SCV  
  53  4:23  Supply Depot  
  53  4:24  Marine  
  55  4:29  Marine  
  55  4:30  Marine  
  55  4:31  SCV  
  60  4:36  SCV  
  62  4:39  Supply Depot  
  62  4:41  Marine  
  62  4:43  SCV  
  62  4:47  Marine x2  
  62  4:48  Marine x2  
  62  4:50  Terran Infantry Weapons Level 1  
  62  4:52  Command Center  
  66  4:56  SCV  
  66  4:58  Supply Depot  
  66  4:59  SCV, Marine  
  69  5:05  Marine  
  70  5:07  Marine  
  70  5:08  SCV  
  70  5:10  Factory  
  70  5:11  SCV  
  72  5:17  Marine x2  
  72  5:18  Marine  
  72  5:20  SCV  
  57  5:22  Marine  
  57  5:23  SCV  
  57  5:25  Marine, Refinery  
  57  5:26  Refinery  
  58  5:32  SCV  
  58  5:35  Marine x2, SCV  
  60  5:36  Marine  
  60  5:39  Refinery  
  60  5:40  Marine  
  64  5:43  Marine  
  64  5:44  SCV  
  64  5:48  SCV  
  67  5:52  Marine  
  67  5:53  Factory Reactor  
  67  5:54  Starport  
  67  5:55  Marine  
  67  5:56  SCV  
  71  5:58  Marine  
  71  6:00  SCV, Marine  
  71  6:02  Barracks Reactor  
  73  6:04  Orbital Command  
  73  6:05  Barracks  
  73  6:08  SCV  
  74  6:12  SCV  
  74  6:14  Marine  
  74  6:15  Marine  
  74  6:16  Marine  
  78  6:21  Orbital Command, SCV  
  78  6:22  Armory, Engineering Bay  
  78  6:24  SCV, Marine  
  81  6:32  Marine  
  81  6:33  SCV  
  81  6:35  Factory Reactor  
  81  6:36  SCV, Medivac x2  
  88  6:40  Marine x3  
  88  6:41  Supply Depot  
  88  6:45  SCV  
  92  6:48  SCV  
  92  6:49  SCV  
  92  6:53  Marine, Barracks Reactor  
  92  6:54  Supply Depot, Terran Infantry Armor Level 1  
  95  6:57  Marine x2, SCV  
  95  7:00  Marine x2, SCV  
  101  7:03  Marine  
  101  7:04  SCV  
  101  7:07  Command Center  
  103  7:09  Medivac  
  103  7:12  Medivac  
  107  7:16  SCV  
  107  7:20  Supply Depot  
  107  7:21  Terran Infantry Weapons Level 2  
  108  7:24  Marine  
  108  7:26  SCV  
  108  7:27  Marine  
  108  7:28  Marine, SCV  
  113  7:32  Widow Mine  
  113  7:33  Widow Mine  
  117  7:39  Supply Depot  
  117  7:41  Marine x2, Medivac, SCV x2  
  123  7:47  SCV  
  124  7:52  Marine  
  124  7:55  Supply Depot  
  124  7:57  Factory  
  125  8:00  Marine x7  
  125  8:04  Supply Depot  
  132  8:09  Supply Depot  
  132  8:10  Marine  
  133  8:17  Widow Mine, SCV, Medivac x2  
  133  8:18  Marine x2  
  133  8:19  Widow Mine, Marine x5  
  136  8:28  Marine, SCV x2  
  140  8:34  SCV  
  140  8:36  Marine x4  
  142  8:44  Widow Mine x2  
  142  8:45  Factory Tech Lab  
  142  8:47  SCV  
  142  8:48  SCV x2  
  148  8:51  Marine  
  148  8:54  Marauder  
  148  8:55  Marine x2, Marauder  
  155  8:58  Planetary Fortress  
  153  9:06  SCV  
  153  9:08  Widow Mine x3, Drilling Claws  
  153  9:09  Marine x2  
  157  9:10  Terran Infantry Armor Level 2  
  157  9:14  SCV x2  
  157  9:15  Marauder  
  157  9:16  Marine x4  
  166  9:17  Marine  
  166  9:19  Supply Depot  
  166  9:20  SCV, Supply Depot  
  168  9:29  Barracks  
  168  9:30  Widow Mine, Barracks, Command Center  
  149  9:42  Marine x6, Marauder x2  
  151  9:48  Terran Infantry Weapons Level 3  
  151  9:55  Medivac x2  
  155  10:00  Widow Mine x2, Marine x6  
  155  10:01  Widow Mine  
  155  10:03  Marine x2  
  169  10:08  Barracks  
  169  10:17  Marine  
  170  10:21  Marine, Marauder  
  170  10:22  Widow Mine x3, Marauder, Marine  
  170  10:23  Marine  
  170  10:25  Medivac  
  161  10:39  Marine  
  161  10:40  Marine x6  
  161  10:41  Marine  
  148  10:43  Widow Mine x2, Marauder x2  
  151  10:55  Barracks  
  151  10:56  Barracks, Command Center  
  151  10:57  Barracks, Marine x7, Sensor Tower  
  151  10:58  Marine  
  151  10:59  Marine  
  151  11:00  Widow Mine  
  158  11:04  Widow Mine, Marauder  
  158  11:09  Marine  
  148  11:15  Marine x7  
  148  11:16  Marine, SCV x4  
  148  11:17  Marine  
  138  11:25  Marine  
  131  11:27  Marine  
  131  11:28  SCV x4  
  131  11:32  Marine  
  131  11:33  Marine x7  
  131  11:34  Marine  
  131  11:38  Terran Infantry Armor Level 3  
  140  11:40  SCV  
  140  11:42  SCV  
  140  11:43  Marauder  
  140  11:45  Marine, SCV  
  146  11:51  Widow Mine x2  
  148  12:04  Widow Mine  
  148  12:07  Marine x3  
  148  12:08  Marine x10  
  163  12:11  Orbital Command  
  163  12:13  Widow Mine  
  161  12:18  Widow Mine  
  161  12:19  Medivac x2  
  161  12:21  Marine  
  164  12:26  Widow Mine  
  166  12:34  Widow Mine  
  166  12:35  Marine  
  166  12:36  Marauder  
  171  12:39  Widow Mine  
  169  12:45  Marauder  
  169  12:47  Widow Mine  
  169  12:49  Marine, Medivac x2  
  176  12:52  Marine  
  176  12:55  Widow Mine, Marine x10  
  176  12:57  Marauder  
  165  13:01  Widow Mine  
  157  13:05  Marine  
  157  13:06  Marine  
  157  13:08  Widow Mine  
  157  13:10  Marine  
  155  13:13  Marine x10  
  155  13:17  Widow Mine  
  155  13:18  Marine  
  153  13:22  Widow Mine  
  153  13:23  Marine  
  153  13:24  Marine  
  152  13:27  SCV  
  152  13:28  SCV x2, Marine  
  152  13:30  Widow Mine  
  152  13:31  Marine x10, SCV  
  167  13:36  Marine  
  167  13:38  Widow Mine  
  167  13:39  SCV  
  171  13:41  Marine  
  171  13:42  Marine  
  171  13:43  Widow Mine  
  171  13:46  Marine, SCV  
  165  13:48  Marine  
  165  13:49  Marine x5  
  165  13:51  Widow Mine  
  148  13:56  Marine x2, Medivac x2  
  148  14:00  Widow Mine  
  148  14:01  Planetary Fortress  
  154  14:05  Widow Mine  
  154  14:08  Marine  
  157  14:13  Widow Mine  
  157  14:14  Marine x2  
  159  14:21  Widow Mine  
  149  14:26  Widow Mine, Medivac x2  
  150  14:34  Widow Mine  
  144  14:40  Marine  
  144  14:42  Widow Mine  
  144  14:44  Marine  
  144  14:45  SCV x3  
  149  14:48  Widow Mine  
  138  14:53  Marine  
  138  14:56  Medivac  
  140  15:01  Medivac  
  142  15:07  Marine x8  
  148  15:20  Orbital Command  
  148  15:23  Widow Mine x2  
  148  15:26  Medivac  
  148  15:28  Marine  
  155  15:29  Widow Mine  
  155  15:31  Medivac  
  159  15:44  Marine  
  160  15:53  Marine  
  160  15:54  Marauder  
  156  15:59  Marine  
  149  16:08  Widow Mine, Marine  
  149  16:09  Marine x2, Marauder  
  148  16:15  Marine, Marauder  
  148  16:17  Widow Mine x2  
  155  16:25  Supply Depot x2  
  155  16:26  Supply Depot  
  155  16:27  Supply Depot  
  155  16:35  Ghost Academy  
  155  16:40  Orbital Command, Marauder  
  155  16:41  Liberator, Widow Mine x2  
  155  16:43  Marauder  
  155  16:47  Liberator, Widow Mine  
  160  16:58  Barracks Tech Lab x3  
  160  17:02  Widow Mine x2, Marauder  
  160  17:04  Marauder  
  162  17:12  Marine  
  137  17:18  Marauder  
  137  17:19  Marine x9  
  137  17:22  Marauder  
  127  17:23  Marauder  
  127  17:29  Medivac  
  124  17:31  Marine x2  
  124  17:36  Marine  
  124  17:37  Marine x2  
  126  17:44  Widow Mine x2, Marine  
  119  17:45  Orbital Command  
  119  17:49  Marine  
  113  17:55  Orbital Command  
  113  18:00  Widow Mine  
  113  18:05  Widow Mine  
  117  18:11  Widow Mine  
  115  18:26  Widow Mine, Marine  
  115  18:27  Marauder  
  92  18:31  Marine  
Show
View Real Time Build Order
Export as new Build Order

Elazer Zerg - Winner!

Build Orders: Hatch First 

Get SALT Encoding   

  12  0:00  Drone  
  13  0:12  Overlord  
  13  0:16  Drone  
  14  0:30  Drone x2  
  16  0:47  Hatchery  
  15  0:50  Drone  
  15  0:54  Drone  
  17  0:57  Drone  
  18  1:08  Extractor  
  17  1:12  Spawning Pool  
  17  1:15  Drone  
  17  1:18  Drone  
  18  1:27  Drone  
  19  1:38  Drone  
  20  1:48  Drone  
  21  1:59  Queen x2  
  21  2:00  Zergling x4  
  27  2:13  Metabolic Boost  
  27  2:14  Overlord, Zergling x2  
  28  2:30  Hatchery  
  26  2:38  Queen  
  28  2:44  Zergling x4  
  28  2:50  Zergling x2  
  31  2:58  Overlord  
  31  3:03  Drone  
  30  3:13  Drone x4  
  30  3:17  Drone  
  35  3:20  Drone  
  36  3:29  Drone x2  
  38  3:37  Drone  
  40  3:41  Drone  
  40  3:44  Drone  
  40  3:47  Drone x4  
  45  3:53  Overlord  
  45  3:54  Drone  
  46  4:02  Baneling Nest  
  45  4:04  Drone x2  
  47  4:10  Drone  
  47  4:16  Drone x9  
  57  4:19  Overlord x2  
  57  4:32  Zergling x2  
  57  4:36  Overlord  
  57  4:37  Queen  
  57  4:38  Queen x2  
  64  4:40  Zergling x4  
  64  4:45  Zergling x8  
  70  4:50  Zergling x8  
  73  4:53  Baneling x2  
  73  4:54  Zergling x4  
  73  4:57  Baneling x4  
  73  4:59  Zergling x6  
  78  5:03  Zergling x2  
  78  5:05  Overlord  
  79  5:17  Drone x3  
  76  5:22  Drone x6  
  76  5:24  Drone x5  
  87  5:28  Lair  
  87  5:34  Overlord  
  87  5:38  Extractor  
  87  5:39  Hatchery  
  87  5:40  Extractor, Drone x3  
  87  5:47  Drone x2  
  89  5:51  Overlord  
  89  5:52  Drone  
  89  5:54  Drone x7  
  97  5:57  Extractor, Overlord  
  96  6:04  Overlord  
  96  6:08  Queen  
  96  6:09  Overlord, Queen  
  100  6:15  Evolution Chamber  
  100  6:16  Evolution Chamber  
  100  6:18  Zergling x6  
  101  6:22  Zergling x4  
  103  6:26  Centrifugal Hooks  
  103  6:27  Zergling x18  
  103  6:31  Queen  
  103  6:32  Overlord  
  114  6:43  Zerg Ground Armor Level 1, Zerg Melee Weapons Level 1  
  114  6:46  Zergling x8  
  117  6:52  Hatchery  
  116  6:55  Burrow  
  116  6:59  Zergling x22  
  124  7:03  Baneling  
  124  7:04  Baneling x6  
  124  7:11  Drone x5  
  128  7:18  Drone x3  
  131  7:24  Overlord  
  131  7:27  Drone x6  
  137  7:30  Spore Crawler  
  137  7:31  Spore Crawler  
  137  7:36  Zergling x8  
  139  7:40  Extractor  
  139  7:41  Zergling x10, Hydralisk Den  
  139  7:47  Zergling x4  
  141  7:54  Zergling x12  
  141  7:55  Baneling x6  
  142  8:01  Zergling x12  
  148  8:08  Overlord x2  
  148  8:12  Muscular Augments  
  148  8:13  Baneling x9  
  148  8:18  Drone x3  
  148  8:19  Drone x5  
  149  8:27  Zergling x14  
  151  8:42  Hydralisk x5, Zerg Missile Weapons Level 1, Zerg Ground Armor Level 2  
  151  8:43  Zergling x14  
  168  8:49  Zergling x8  
  168  8:50  Zergling x2  
  173  8:59  Spore Crawler  
  168  9:04  Drone x6  
  170  9:10  Baneling x8  
  170  9:13  Overlord x3  
  170  9:20  Hydralisk  
  172  9:26  Pneumatized Carapace, Overseer  
  169  9:36  Zergling x14  
  169  9:37  Zergling x32  
  175  9:43  Hydralisk x8  
  182  9:51  Baneling  
  182  9:52  Baneling x5, Zergling x2  
  183  9:53  Zergling x6  
  183  9:59  Grooved Spines  
  183  10:10  Zergling x2  
  183  10:11  Zergling x28  
  196  10:16  Hatchery x2  
  194  10:21  Zergling x6  
  196  10:29  Baneling x2  
  179  10:36  Zergling x24  
  179  10:37  Zergling x6  
  174  10:46  Hydralisk  
  174  10:47  Hydralisk  
  170  10:50  Baneling x14  
  170  10:52  Zerg Melee Weapons Level 2  
  170  10:57  Extractor, Zerg Missile Weapons Level 2  
  169  10:59  Drone x3  
  169  11:00  Extractor, Zergling x16  
  177  11:06  Hatchery  
  161  11:17  Zergling x36  
  166  11:29  Zergling x14  
  166  11:30  Overseer x2  
  170  11:41  Baneling x23  
  170  11:45  Zergling x30  
  185  11:54  Baneling x9  
  185  11:55  Baneling  
  185  11:56  Zergling x2  
  185  11:57  Zergling x14  
  184  12:08  Zergling x2  
  184  12:09  Zergling x26  
  192  12:17  Overseer  
  192  12:21  Zergling x14  
  194  12:51  Hatchery  
  194  12:56  Hydralisk x4  
  187  13:00  Overlord  
  187  13:01  Overlord  
  175  13:06  Infestation Pit  
  175  13:09  Zergling x20  
  175  13:10  Zergling x8  
  176  13:22  Zergling x42  
  176  13:25  Hydralisk x3  
  195  13:27  Baneling x2  
  194  13:37  Zergling x12  
  165  13:56  Hydralisk x12  
  165  14:02  Overseer  
  175  14:03  Overseer  
  175  14:08  Hydralisk x6, Baneling x14  
  187  14:15  Hatchery  
  164  14:24  Zergling x10  
  164  14:25  Zergling x16  
  164  14:30  Hatchery  
  175  14:35  Zergling x8  
  176  14:40  Zergling x10  
  176  14:45  Zergling x16  
  173  14:53  Zergling x14  
  173  14:58  Baneling x23  
  173  14:59  Baneling  
  179  15:00  Hive  
  179  15:11  Zergling x6  
  180  15:19  Baneling x6  
  180  15:20  Baneling x9  
  178  15:24  Overlord, Zergling x2  
  179  15:35  Baneling x10  
  179  15:36  Zergling x12  
  184  15:50  Zergling x16  
  184  15:51  Zergling x6  
  186  15:58  Zergling x18  
  192  16:04  Hydralisk  
  192  16:09  Hatchery, Overlord x3  
  192  16:11  Baneling x12  
  186  16:12  Overseer x3  
  185  16:19  Spine Crawler  
  185  16:20  Spine Crawler, Spore Crawler  
  185  16:21  Spine Crawler  
  185  16:22  Spine Crawler  
  178  16:26  Baneling x16  
  178  16:28  Baneling x3  
  179  16:32  Drone  
  179  16:33  Adrenal Glands  
  179  16:34  Zergling x40  
  195  16:42  Zergling x18  
  199  17:02  Overseer  
  184  17:10  Zergling x40  
  193  17:22  Zergling x26  
  188  17:32  Zergling x8  
  188  17:36  Overseer x2  
  164  17:45  Zergling x52  
  164  17:47  Zergling x10  
  164  17:51  Overlord  
  177  18:01  Baneling x14  
  177  18:02  Hydralisk x7  
  191  18:08  Zergling x2  
  191  18:09  Zergling x18  
  194  18:23  Zergling x40  
  198  18:30  Baneling x2  
Tags
 
Add a new tag
Caveats
  • Supply blocks, unpowered buildings, or Contaminate may cause inaccurate times.
  • Supply counts are checked every 10 seconds.